General information
- name: BNet
- type: Ladder team game (AT/RT)
- host: Battle.net
- saver: ItsAnOrcWorld
map: DragonFalls
- players: 8
- length: 36:22
- speed: Fast
- version: 1.28 W3XP
- replay type: Public
» download(383 KB)
Players
team 1 (loser)
BigTigga (
green | 68 APM | 2399 actions | 35:28)
5 Death Knight
3 Death Coil
2 Unholy Aura
3 Lich
2 Frost Nova
1 Frost Armor
» actions
| Assign group hotkey | 31 | |
| Basic commands | 98 | |
| Build / train | 117 | |
| ESC pressed | 15 | |
| Enter build submenu | 74 | |
| Enter hero's abilities submenu | 8 | |
| Give item / drop item | 7 | |
| Remove unit from queue | 1 | |
| Right click | 870 | |
| Select / deselect | 434 | |
| Select group hotkey | 585 | |
| Use ability | 159 | |
2399 total
» units
| Acolyte | 19 | |
| Ghoul | 5 | |
| Crypt Fiend | 15 | |
| Thunder Lizard | 1 | |
| Goblin Shredder | 1 | |
| Obsidian Statue | 4 | |
45 total
» upgrades
| Cannibalize | 0 | |
| Creature Attack | 2 | |
| Web | 1 | |
3 total
» buildings
| Graveyard | 1 | |
| Crypt | 2 | |
| Altar of Darkness | 2 | |
| Ziggurat | 29 | |
| Tomb of Relics | 2 | |
| Nerubian Tower | 3 | |
| Spirit Tower | 17 | |
| Necropolis | 12 | |
| Halls of the Dead | 2 | |
| Sacrificial Pit | 1 | |
| Black Citadel | 5 | |
| Slaughterhouse | 2 | |
78 total
» build order
00:06 Graveyard
00:16 Crypt
00:18 Crypt
00:57 Altar of Darkness
00:59 Altar of Darkness
01:07 Ziggurat
01:38 Tomb of Relics
02:05 Nerubian Tower
02:05 Nerubian Tower
02:24 Ziggurat
03:38 Ziggurat
04:41 Spirit Tower
04:55 Spirit Tower
04:55 Spirit Tower
04:55 Spirit Tower
05:56 Necropolis
06:52 Halls of the Dead
07:22 Ziggurat
07:36 Necropolis
07:43 Ziggurat
07:49 Ziggurat
08:00 Ziggurat
08:01 Tomb of Relics
09:02 Ziggurat
09:03 Ziggurat
09:04 Ziggurat
10:21 Ziggurat
10:36 Sacrificial Pit
11:15 Spirit Tower
11:15 Spirit Tower
11:34 Ziggurat
11:49 Halls of the Dead
11:56 Ziggurat
12:24 Ziggurat
12:48 Black Citadel
12:48 Black Citadel
12:48 Black Citadel
13:35 Spirit Tower
13:51 Spirit Tower
13:51 Spirit Tower
13:52 Spirit Tower
13:54 Ziggurat
16:31 Ziggurat
16:35 Ziggurat
16:38 Ziggurat
16:42 Ziggurat
17:17 Spirit Tower
17:17 Spirit Tower
17:18 Spirit Tower
20:09 Necropolis
21:40 Ziggurat
21:41 Ziggurat
21:42 Ziggurat
22:49 Ziggurat
22:50 Ziggurat
22:54 Ziggurat
22:56 Ziggurat
25:11 Spirit Tower
25:32 Spirit Tower
25:32 Spirit Tower
26:11 Spirit Tower
26:14 Ziggurat
27:56 Slaughterhouse
27:59 Slaughterhouse
29:07 Black Citadel
29:07 Black Citadel
31:29 Ziggurat
31:30 Ziggurat
31:39 Necropolis
31:41 Necropolis
31:42 Necropolis
31:43 Necropolis
31:50 Necropolis
31:58 Necropolis
32:00 Necropolis
32:00 Necropolis
32:01 Necropolis
33:28 Nerubian Tower
» items
| Rod of Necromancy | 3 | |
| Dust of Appearance | 2 | |
| Scroll of Town Portal | 6 | |
| Potion of Healing | 10 | |
| Healing Salve | 1 | |
| Orb of Corruption | 1 | |
| Scroll of Healing | 1 | |
| Potion of Mana | 3 | |
27 total
chit (
blue | 94 APM | 3331 actions | 35:21)
5 Archmage
3 Summon Water Elemental
1 Brilliance Aura
1 Blizzard
4 Mountain King
2 Storm Bolt
2 Bash
3 Paladin
2 Holy Light
1 Divine Shield
» actions
| Assign group hotkey | 50 | |
| Basic commands | 241 | |
| Build / train | 112 | |
| Enter build submenu | 52 | |
| Enter hero's abilities submenu | 12 | |
| Give item / drop item | 1 | |
| Right click | 908 | |
| Select / deselect | 367 | |
| Select group hotkey | 1418 | |
| Use ability | 170 | |
3331 total
» units
| Peasant | 23 | |
| Footman | 11 | |
| Rifleman | 3 | |
| Knight | 3 | |
| Priest | 2 | |
| Spell Breaker | 2 | |
| Gryphon Rider | 2 | |
| Dragonhawk Rider | 2 | |
48 total
» upgrades
| Masonry | 1 | |
| Defend | 1 | |
| Long Rifles | 1 | |
| Animal War Training | 1 | |
| Priest Training | 1 | |
| Magic Sentry | 1 | |
| Storm Hammers | 1 | |
| Armor | 1 | |
| Plating | 1 | |
| Gunpowder | 1 | |
| Cloud | 1 | |
11 total
» buildings
| Altar of Kings | 1 | |
| Barracks | 2 | |
| Farm | 11 | |
| Scout Tower | 36 | |
| Arcane Tower | 2 | |
| Arcane Vault | 1 | |
| Town Hall | 4 | |
| Lumber Mill | 1 | |
| Blacksmith | 1 | |
| Guard Tower | 17 | |
| Keep | 1 | |
| Castle | 1 | |
| Arcane Sanctum | 1 | |
| Workshop | 1 | |
| Gryphon Aviary | 1 | |
81 total
» build order
00:19 Altar of Kings
00:22 Barracks
00:34 Farm
00:49 Farm
01:37 Farm
01:42 Farm
01:52 Scout Tower
02:19 Barracks
02:42 Arcane Tower
02:46 Farm
03:02 Arcane Vault
03:27 Farm
04:19 Town Hall
06:01 Scout Tower
06:03 Scout Tower
06:04 Scout Tower
06:06 Scout Tower
06:47 Lumber Mill
06:50 Blacksmith
07:49 Guard Tower
07:50 Keep
08:10 Scout Tower
08:11 Scout Tower
08:24 Arcane Tower
08:43 Guard Tower
12:14 Castle
12:17 Arcane Sanctum
12:19 Workshop
12:23 Gryphon Aviary
12:26 Scout Tower
12:28 Farm
12:30 Scout Tower
12:31 Farm
14:30 Guard Tower
15:19 Scout Tower
15:20 Farm
16:38 Guard Tower
16:53 Town Hall
16:56 Scout Tower
16:57 Scout Tower
16:58 Scout Tower
18:33 Guard Tower
18:33 Guard Tower
22:00 Scout Tower
22:01 Scout Tower
22:46 Town Hall
22:47 Scout Tower
22:50 Scout Tower
22:51 Scout Tower
22:54 Scout Tower
23:24 Guard Tower
23:24 Guard Tower
24:17 Farm
24:18 Farm
26:30 Scout Tower
26:31 Scout Tower
26:35 Guard Tower
26:38 Scout Tower
26:44 Scout Tower
27:10 Scout Tower
29:27 Town Hall
29:28 Scout Tower
29:28 Scout Tower
29:29 Scout Tower
29:30 Scout Tower
29:32 Scout Tower
29:32 Scout Tower
29:59 Guard Tower
31:33 Guard Tower
31:37 Guard Tower
31:37 Guard Tower
31:43 Guard Tower
31:43 Guard Tower
31:43 Guard Tower
32:17 Guard Tower
32:31 Scout Tower
32:32 Scout Tower
32:33 Scout Tower
32:33 Scout Tower
32:33 Scout Tower
32:33 Scout Tower
» items
| Scroll of Regeneration | 6 | |
| Potion of Healing | 2 | |
| Scroll of Town Portal | 1 | |
9 total
tunga5 (
orange | 185 APM | 6121 actions | 33:09)
8 Warden
3 Fan of Knives
3 Blink
1 Spirit of Vengeance
1 Shadow Strike
» actions
| Assign group hotkey | 25 | |
| Basic commands | 3 | |
| Build / train | 108 | |
| ESC pressed | 10 | |
| Enter build submenu | 27 | |
| Enter hero's abilities submenu | 8 | |
| Give item / drop item | 18 | |
| Right click | 3258 | |
| Select / deselect | 539 | |
| Select group hotkey | 1813 | |
| Use ability | 312 | |
6121 total
» units
| Wisp | 19 | |
| Archer | 7 | |
| Druid of the Talon | 9 | |
| Dryad | 10 | |
| Faerie Dragon | 3 | |
| Chimaera | 1 | |
49 total
» upgrades
| Improved Bows | 1 | |
| Druid of the Talon Training | 2 | |
| Abolish Magic | 1 | |
| Well Spring | 1 | |
| Mark of the Talon | 1 | |
| Ultravision | 1 | |
| Nature's Blessing | 1 | |
| Reinforced Hides | 2 | |
10 total
» buildings
| Moon Well | 11 | |
| Ancient of War | 1 | |
| Altar of Elders | 1 | |
| Tree of Ages | 2 | |
| Tree of Life | 3 | |
| Tree of Eternity | 3 | |
| Ancient of Wonders | 1 | |
| Hunter's Hall | 1 | |
| Ancient of Wind | 1 | |
| Ancient of Lore | 1 | |
| Chimaera Roost | 7 | |
32 total
» build order
00:27 Moon Well
00:54 Ancient of War
00:58 Altar of Elders
01:13 Moon Well
02:27 Tree of Ages
02:27 Tree of Ages
03:13 Moon Well
04:34 Tree of Life
04:50 Tree of Eternity
04:50 Tree of Eternity
04:50 Tree of Eternity
05:04 Ancient of Wonders
06:32 Hunter's Hall
06:37 Ancient of Wind
08:05 Ancient of Lore
09:49 Moon Well
11:53 Moon Well
12:07 Moon Well
18:51 Tree of Life
19:26 Tree of Life
22:09 Chimaera Roost
22:10 Chimaera Roost
22:11 Chimaera Roost
22:12 Chimaera Roost
22:15 Moon Well
22:17 Moon Well
22:19 Moon Well
23:11 Chimaera Roost
23:22 Chimaera Roost
25:03 Chimaera Roost
25:05 Moon Well
25:22 Moon Well
» items
| Boots of Speed | 1 | |
| Staff of Teleportation | 1 | |
| Potion of Healing | 9 | |
| Potion of Mana | 10 | |
| Moonstone | 2 | |
| Lesser Clarity Potion | 2 | |
| Scroll of Town Portal | 3 | |
28 total
ItsAnOrcWorld (
pink | 62 APM | 2268 actions | 36:22)
4 Tauren Chieftain
2 Endurance Aura
2 Shockwave
3 Shadow Hunter
1 Hex
2 Healing Wave
» actions
| Assign group hotkey | 238 | |
| Basic commands | 120 | |
| Build / train | 90 | |
| Enter build submenu | 37 | |
| Enter hero's abilities submenu | 8 | |
| Give item / drop item | 4 | |
| Remove unit from queue | 1 | |
| Right click | 963 | |
| Select / deselect | 399 | |
| Select group hotkey | 283 | |
| Use ability | 125 | |
2268 total
» units
| Peon | 8 | |
| Grunt | 5 | |
| Goblin Shredder | 1 | |
| Raider | 4 | |
| Wind Rider | 3 | |
| Goblin Zeppelin | 4 | |
| Green Dragon | 2 | |
| Goblin Sapper | 13 | |
40 total
» upgrades
| Armor | 3 | |
| Pillage | 1 | |
| Ensnare | 1 | |
| Melee Weapons | 3 | |
| Reinforced Defenses | 1 | |
| Ranged Weapons | 3 | |
| Envenomed Spears | 1 | |
13 total
» buildings
| Orc Burrow | 6 | |
| Altar of Storms | 1 | |
| Barracks | 1 | |
| War Mill | 1 | |
| Stronghold | 1 | |
| Voodoo Lounge | 1 | |
| Great Hall | 2 | |
| Beastiary | 4 | |
| Fortress | 1 | |
| Watch Tower | 27 | |
45 total
» build order
00:11 Orc Burrow
00:54 Orc Burrow
01:06 Altar of Storms
01:07 Barracks
01:49 War Mill
02:57 Stronghold
03:54 Voodoo Lounge
04:25 Great Hall
04:53 Orc Burrow
07:25 Beastiary
07:26 Beastiary
08:13 Orc Burrow
08:32 Orc Burrow
11:01 Fortress
13:43 Watch Tower
13:43 Watch Tower
13:43 Watch Tower
13:45 Watch Tower
13:45 Watch Tower
13:45 Watch Tower
13:46 Watch Tower
14:25 Beastiary
14:26 Beastiary
14:34 Watch Tower
14:34 Watch Tower
14:34 Watch Tower
14:35 Watch Tower
16:30 Orc Burrow
20:46 Great Hall
21:35 Watch Tower
21:35 Watch Tower
21:36 Watch Tower
21:37 Watch Tower
21:41 Watch Tower
21:41 Watch Tower
21:42 Watch Tower
21:42 Watch Tower
21:53 Watch Tower
21:54 Watch Tower
23:08 Watch Tower
23:09 Watch Tower
23:09 Watch Tower
23:09 Watch Tower
23:10 Watch Tower
23:10 Watch Tower
» items
| Healing Salve | 4 | |
| Boots of Speed | 2 | |
| Scroll of Town Portal | 8 | |
| Lesser Clarity Potion | 2 | |
| Potion of Mana | 2 | |
| Potion of Healing | 2 | |
| Mechanical Critter | 1 | |
| Staff of Teleportation | 2 | |
| Periapt of Vitality | 1 | |
| Potion of Lesser Invulnerability | 1 | |
25 total
team 2 (winner)
True_Kingdom (
purple | 59 APM | 1093 actions | 18:34)
4 Mountain King
2 Storm Bolt
2 Bash
2 Paladin
1 Holy Light
1 Divine Shield
» actions
| Assign group hotkey | 21 | |
| Build / train | 70 | |
| Enter build submenu | 30 | |
| Enter hero's abilities submenu | 6 | |
| Give item / drop item | 2 | |
| Remove unit from queue | 1 | |
| Right click | 438 | |
| Select / deselect | 261 | |
| Select group hotkey | 182 | |
| Use ability | 82 | |
1093 total
» units
| Peasant | 10 | |
| Rifleman | 13 | |
| Mortar Team | 5 | |
28 total
» upgrades
| Gunpowder | 1 | |
| Masonry | 2 | |
| Lumber Harvesting | 1 | |
| Long Rifles | 1 | |
| Armor | 1 | |
| Fragmentation Shards | 1 | |
7 total
» buildings
| Farm | 8 | |
| Altar of Kings | 1 | |
| Blacksmith | 1 | |
| Barracks | 1 | |
| Scout Tower | 11 | |
| Keep | 1 | |
| Arcane Vault | 1 | |
| Lumber Mill | 1 | |
| Arcane Tower | 1 | |
| Guard Tower | 5 | |
| Town Hall | 1 | |
| Castle | 1 | |
| Workshop | 2 | |
35 total
» build order
00:38 Farm
01:10 Altar of Kings
01:17 Farm
01:24 Blacksmith
01:44 Barracks
02:26 Scout Tower
02:30 Scout Tower
02:40 Farm
02:45 Farm
03:50 Keep
04:06 Arcane Vault
04:15 Lumber Mill
05:01 Farm
05:10 Arcane Tower
05:44 Guard Tower
06:27 Scout Tower
06:31 Scout Tower
06:34 Scout Tower
06:56 Town Hall
07:05 Farm
07:11 Guard Tower
07:53 Guard Tower
09:49 Castle
10:27 Workshop
12:04 Scout Tower
12:08 Workshop
12:33 Scout Tower
12:35 Farm
14:26 Scout Tower
16:17 Guard Tower
16:20 Scout Tower
16:53 Scout Tower
16:54 Guard Tower
17:14 Farm
17:23 Scout Tower
» items
| Scroll of Regeneration | 4 | |
| Lesser Clarity Potion | 3 | |
| Boots of Speed | 2 | |
| Scroll of Town Portal | 5 | |
| Scroll of Healing | 2 | |
| Periapt of Vitality | 1 | |
| Potion of Lesser Invulnerability | 1 | |
18 total
MaTiX- (
red | 68 APM | 1292 actions | 18:55)
4 Death Knight
2 Death Coil
2 Unholy Aura
2 Lich
1 Frost Nova
1 Frost Armor
» actions
| Assign group hotkey | 20 | |
| Basic commands | 1 | |
| Build / train | 54 | |
| Enter build submenu | 21 | |
| Enter hero's abilities submenu | 6 | |
| Give item / drop item | 1 | |
| Remove unit from queue | 2 | |
| Right click | 598 | |
| Select / deselect | 255 | |
| Select group hotkey | 276 | |
| Use ability | 58 | |
1292 total
» units
| Acolyte | 12 | |
| Ghoul | 4 | |
| Crypt Fiend | 11 | |
| Obsidian Statue | 1 | |
28 total
» upgrades
| Creature Attack | 3 | |
| Creature Carapace | 2 | |
| Web | 1 | |
| Burrow | 1 | |
7 total
» buildings
| Graveyard | 1 | |
| Crypt | 2 | |
| Ziggurat | 6 | |
| Altar of Darkness | 1 | |
| Tomb of Relics | 1 | |
| Halls of the Dead | 1 | |
| Necropolis | 1 | |
| Slaughterhouse | 1 | |
| Black Citadel | 1 | |
| Sacrificial Pit | 2 | |
| Nerubian Tower | 1 | |
| Spirit Tower | 2 | |
| Boneyard | 1 | |
21 total
» build order
00:34 Graveyard
00:38 Crypt
00:52 Ziggurat
01:12 Altar of Darkness
01:19 Tomb of Relics
02:26 Ziggurat
03:11 Ziggurat
05:00 Halls of the Dead
05:17 Necropolis
05:58 Ziggurat
07:26 Slaughterhouse
09:08 Black Citadel
11:57 Sacrificial Pit
12:00 Sacrificial Pit
12:04 Ziggurat
12:06 Ziggurat
12:10 Crypt
13:37 Nerubian Tower
13:38 Spirit Tower
15:15 Spirit Tower
16:04 Boneyard
» items
| Rod of Necromancy | 2 | |
| Orb of Corruption | 1 | |
| Scroll of Town Portal | 2 | |
5 total
JonSnowIsaWarg (
teal | 45 APM | 885 actions | 19:41)
3 Crypt Lord
1 Carrion Beetles
2 Spiked Carapace
2 Pit Lord
1 Howl of Terror
1 Rain of Fire
» actions
| Assign group hotkey | 32 | |
| Build / train | 42 | |
| Enter build submenu | 14 | |
| Enter hero's abilities submenu | 5 | |
| Right click | 304 | |
| Select / deselect | 182 | |
| Select group hotkey | 266 | |
| Use ability | 40 | |
885 total
» units
| Acolyte | 9 | |
| Ghoul | 3 | |
| Crypt Fiend | 5 | |
| Obsidian Statue | 2 | |
19 total
» upgrades
| Creature Attack | 1 | |
| Creature Carapace | 1 | |
| Web | 1 | |
| Destroyer Form | 1 | |
| Burrow | 1 | |
5 total
» buildings
| Graveyard | 1 | |
| Altar of Darkness | 1 | |
| Crypt | 2 | |
| Ziggurat | 4 | |
| Tomb of Relics | 1 | |
| Nerubian Tower | 2 | |
| Halls of the Dead | 1 | |
| Slaughterhouse | 2 | |
| Temple of the Damned | 1 | |
| Black Citadel | 1 | |
| Spirit Tower | 1 | |
17 total
» build order
00:19 Graveyard
00:31 Altar of Darkness
00:36 Crypt
01:07 Ziggurat
01:49 Ziggurat
01:59 Tomb of Relics
02:32 Nerubian Tower
02:50 Crypt
04:56 Halls of the Dead
05:07 Ziggurat
08:13 Slaughterhouse
08:17 Slaughterhouse
08:20 Ziggurat
08:30 Temple of the Damned
12:11 Black Citadel
13:42 Spirit Tower
16:31 Nerubian Tower
» items
| Rod of Necromancy | 1 | |
| Scroll of Town Portal | 3 | |
| Potion of Healing | 1 | |
5 total
RIGGED-NBA-YEAP (
yellow | 81 APM | 2963 actions | 36:22)
4 Blademaster
2 Wind Walk
2 Critical Strike
1 Shadow Hunter
1 Hex
» actions
| Assign group hotkey | 101 | |
| Basic commands | 64 | |
| Build / train | 90 | |
| Enter build submenu | 38 | |
| Enter hero's abilities submenu | 5 | |
| Give item / drop item | 1 | |
| Remove unit from queue | 2 | |
| Right click | 1258 | |
| Select / deselect | 402 | |
| Select group hotkey | 778 | |
| Use ability | 224 | |
2963 total
» units
| Peon | 13 | |
| Grunt | 3 | |
| Goblin Shredder | 2 | |
| Troll Batrider | 26 | |
| Raider | 3 | |
47 total
» upgrades
| Reinforced Defenses | 1 | |
| Ranged Weapons | 2 | |
| Armor | 2 | |
| Liquid Fire | 1 | |
| Ensnare | 1 | |
| Melee Weapons | 1 | |
| Pillage | 1 | |
9 total
» buildings
| Altar of Storms | 1 | |
| Orc Burrow | 6 | |
| Barracks | 1 | |
| Voodoo Lounge | 1 | |
| Stronghold | 2 | |
| Great Hall | 2 | |
| War Mill | 1 | |
| Fortress | 2 | |
| Watch Tower | 41 | |
| Beastiary | 4 | |
61 total
» build order
00:07 Altar of Storms
00:18 Orc Burrow
00:43 Barracks
01:24 Orc Burrow
02:05 Voodoo Lounge
03:16 Stronghold
03:16 Stronghold
04:04 Great Hall
04:14 War Mill
05:44 Fortress
05:44 Fortress
06:43 Watch Tower
06:43 Watch Tower
06:50 Watch Tower
07:23 Watch Tower
07:23 Watch Tower
07:27 Watch Tower
07:41 Watch Tower
07:42 Watch Tower
09:16 Watch Tower
09:20 Beastiary
09:21 Beastiary
09:22 Beastiary
09:40 Watch Tower
09:51 Orc Burrow
10:27 Watch Tower
11:12 Watch Tower
11:33 Watch Tower
11:37 Orc Burrow
12:39 Watch Tower
12:41 Watch Tower
13:03 Watch Tower
13:54 Watch Tower
13:54 Watch Tower
13:57 Orc Burrow
13:57 Orc Burrow
15:37 Watch Tower
15:37 Watch Tower
15:37 Watch Tower
16:40 Watch Tower
16:47 Watch Tower
16:48 Watch Tower
16:48 Watch Tower
16:52 Great Hall
18:11 Watch Tower
18:29 Watch Tower
18:29 Watch Tower
18:30 Watch Tower
18:34 Watch Tower
18:34 Watch Tower
19:29 Watch Tower
19:29 Watch Tower
20:41 Beastiary
32:59 Watch Tower
32:59 Watch Tower
32:59 Watch Tower
33:00 Watch Tower
33:00 Watch Tower
34:12 Watch Tower
34:12 Watch Tower
34:13 Watch Tower
» items
| Healing Salve | 2 | |
| Scroll of Town Portal | 4 | |
| Staff of Teleportation | 1 | |
| Potion of Lesser Invulnerability | 1 | |
| Boots of Speed | 1 | |
| Orb of Lightning | 1 | |
| Lesser Clarity Potion | 3 | |
| Potion of Mana | 2 | |
| Potion of Healing | 1 | |
16 total
Chat log
(00:12 / Allies) chit: i fast expo with foots and am
(00:29 / All) RIGGED-NBA-YEAP: mmmm way less lag
(00:32 / Allies) BigTigga: fiend wyrm
(00:42 / Allies) tunga5: warden arch
(00:58 / All) RIGGED-NBA-YEAP: do u guys feel the less lag?
(01:06 / Allies) chit: n
(01:09 / All) chit: n
(01:12 / All) BigTigga: what is datÉ
(01:15 / All) BigTigga: ?*
(01:58 / All) RIGGED-NBA-YEAP: dont hit me green i aint teching to bats
(02:09 / All) BigTigga: what is dat?
(06:17 / Allies) tunga5: omw
(08:54 / All) RIGGED-NBA-YEAP: dk
(09:07 / All) BigTigga: ?
(09:40 / Allies) ItsAnOrcWorld: dk
(10:03 / All) BigTigga: LMAO
(10:04 / All) BigTigga: WTF?
(10:14 / All) tunga5: ?
(10:35 / All) RIGGED-NBA-YEAP: this team isnt talking
(10:42 / All) BigTigga: cause youre yelling
(12:50 / All) RIGGED-NBA-YEAP: legit team isnt talking
(16:37 / Allies) BigTigga: ty
(18:23 / All) tunga5: gg
(18:42 / All) BigTigga: Yellow hti me all day
(18:46 / All) BigTigga: please hit me all day
(18:47 / All) RIGGED-NBA-YEAP: oj ur gay
(18:48 / All) BigTigga: i really dgaf
(19:23 / All) chit: Gg
(20:04 / All) tunga5: lol
(21:21 / All) RIGGED-NBA-YEAP: bitches are gonna lose
(23:47 / All) RIGGED-NBA-YEAP: nooobs
(23:54 / All) chit: nye
(23:56 / All) chit: bye
(24:25 / Allies) chit: wood plz
(24:46 / All) RIGGED-NBA-YEAP: lol
(24:57 / All) tunga5: ll
(25:07 / All) RIGGED-NBA-YEAP: w/e u r gonna lsoe
(25:12 / All) tunga5: kk
(25:26 / All) RIGGED-NBA-YEAP: try hard
(25:36 / All) tunga5: notr eally...
(25:39 / All) tunga5: dota
(25:52 / Allies) tunga5: lol ok soryr
(26:53 / Allies) tunga5: so angry lol
(26:53 / Allies) chit: wooooooood plz
(26:58 / Allies) tunga5: over one tome
(27:07 / Allies) ItsAnOrcWorld: Don't start none won't be none
(27:21 / All) chit:
(27:29 / All) chit: pretty good
(27:47 / All) RIGGED-NBA-YEAP: leave
(29:44 / All) tunga5: AYEEEEEEEEEE
(29:47 / Allies) tunga5: LOL
(29:49 / All) RIGGED-NBA-YEAP: out you go
(30:44 / All) RIGGED-NBA-YEAP: try hard like i said
(30:51 / All) chit: ??
(30:54 / All) BigTigga: who? lmao
(30:55 / All) chit: eziest game all dai
(30:56 / All) tunga5: lol
(30:58 / All) BigTigga: for real
(30:59 / All) BigTigga: haha
(31:05 / Allies) ItsAnOrcWorld: kill orange
(31:08 / Allies) ItsAnOrcWorld: or I kill you
(31:14 / All) tunga5: lol
(32:58 / Allies) tunga5: lol
(32:59 / Allies) tunga5: good one man
(33:06 / Allies) tunga5: gg guys
(34:12 / Allies) ItsAnOrcWorld: cloud
(34:48 / All) chit: friends
(34:51 / All) RIGGED-NBA-YEAP: leave
(34:52 / Allies) BigTigga: what u doin pink?
(34:52 / All) RIGGED-NBA-YEAP: noobs
(35:04 / All) BigTigga: that makes so much sense now
(35:08 / All) chit: y
(35:14 / All) BigTigga: for real lmfao
(35:18 / All) BigTigga: i dont get people but its cool
(35:23 / All) RIGGED-NBA-YEAP: leave
(35:25 / All) BigTigga: gg i guess
(35:34 / All) ItsAnOrcWorld: tigga was on my beef list lol
(35:36 / All) RIGGED-NBA-YEAP: ur tea mosoe
(35:37 / All) ItsAnOrcWorld: don't remember what he did
(35:45 / All) ItsAnOrcWorld: k
(35:46 / All) ItsAnOrcWorld: but let's stats
(36:01 / All) ItsAnOrcWorld: green is 20-4 lol
(36:14 / All) RIGGED-NBA-YEAP: he lose
(36:16 / All) ItsAnOrcWorld: yeah
(36:20 / All) ItsAnOrcWorld: gg noob tam